 Dungeon Sprint DCSS version 0.21-a0-228-g14ccbf3 (webtiles) character file.

2700000 300399 the Axe Maniac (level 19, -14/207 HPs)
             Began as a Hill Orc Berserker on Aug 31, 2017.
             Was a Follower of Trog.
             Engulfed by a cloud of flame (17 damage)
             ... in the Dungeon (Sprint VIII: "Arena of Blood").
             The game lasted 00:02:03 (27 turns).

300399 the Axe Maniac (Hill Orc Berserker)            Turns: 27, Time: 00:02:06

Health: -14/207    AC:  4    Str: 23    XL:     19   Next: 27%
Magic:  18/35      EV: 32    Int:  7    God:    Trog [*.....]
Gold:   0          SH:  0    Dex: 15    Spells: 43/43 levels left

rFire    . . .     SeeInvis .   j - +∞ Axe of Woe
rCold    . . .     Gourm    .   (shield currently unavailable)
rNeg     . . .     Faith    .   b - +0 animal skin
rPois    .         Spirit   .   (no helmet)
rElec    .         Reflect  .   (no cloak)
rCorr    .         Harm     .   (no gloves)
MR       +++..     NoTele   +   (no boots)
Stlth    ++++++....             (no amulet)
HPRegen  1.44/turn              k - +30 ring of slaying
MPRegen  0.24/turn              (no ring)

@: regenerating
A: no striking features
a: Berserk, Burn Spellbooks, Renounce Religion


You were in the Dungeon.
You worshipped Trog.
Trog was aware of your devotion.
You were not hungry.

You visited 1 branch

Inventory:

Hand Weapons
 a - a +0 hand axe
 j - the +∞ Axe of Woe (weapon)
   (You found it in the Dungeon)
Armour
 b - a +0 animal skin (worn)
Jewellery
 k - a +30 ring of slaying (left hand)
Scrolls
 i - a scroll of blinking
Potions
 d - a potion of curing
 e - a potion of heal wounds
 f - a potion of haste
 g - 2 potions of magic
 h - a potion of berserk rage
Comestibles
 c - a bread ration


   Skills:
 O Level 27 Fighting
 O Level 27 Axes
 + Level 14.6 Throwing
 O Level 27 Armour
 O Level 27 Dodging
 + Level 14.6 Stealth
 + Level 16.9 Unarmed Combat
 + Level 12.5 Spellcasting


You had 43 spell levels left.
You didn't know any spells.

Dungeon Overview and Level Annotations

Branches:
Dungeon (1/1)

Altars:
Makhleb


Message History

You kill the bag of meat!
Trog accepts your kill.
Trog doesn't appreciate your training magic!
Your Throwing skill increases to level 14!
Your Stealth skill increases to level 14!
Your Unarmed Combat skill increases to level 16!
Your Spellcasting skill increases to level 12!
You are engulfed in blazing flames.
* * * LOW HITPOINT WARNING * * *
You hear two shouts!
You hear a shout! x9
The destroyer blinks!
You hear a shout! x2
The bag of meat is engulfed in blazing flames.
You hear a shout!
Your skin crawls.
You feel resistant to hostile enchantments.
You feel somewhat more hungry.
You can no longer call upon Trog for regeneration and protection from hostile enchantments.
You are engulfed in blazing flames.
You die...

.......... .
.......... ..
......... ...
#.......# .#..
#.......#
.....###.......###.
........§§###......
#...O..§@_Oo.oo.
#......)#)§).%#...
........#§o§V_#
#.......#§§.oo#
..#.....§.§§......
..........###.%....
.....###... ..###.
.o... #... ..# #...
.#


You could see a destroyer, 2 meat berserkers and 6 bags of meat.

Vanquished Creatures
  3 ogres (D)
  2 two-headed ogres (D)
  8 orcs (D)
13 creatures vanquished.

Notes
Turn   | Place    | Note
-------+----------+-------------------------------------------
     0 | D        | Found the +∞ Axe of Woe
     0 | D        | 300399 the Hill Orc Berserker began the quest for the Orb.
     0 | D        | Reached XP level 1. HP: 19/19 MP: 1/1
     2 | D        | Noticed a bag of meat
     3 | D        | Noticed a bag of meat
     3 | D        | Noticed a bag of meat
     3 | D        | Noticed a bag of meat
     7 | D        | Noticed a bag of meat
     8 | D        | Noticed a meat berserker
     9 | D        | Noticed a bag of meat
    11 | D        | Noticed a meat berserker
    11 | D        | Killed a bag of meat
    11 | D        | Reached XP level 2. HP: 56/56 MP: 2/2
    11 | D        | Reached XP level 3. HP: 63/63 MP: 3/3
    11 | D        | Reached XP level 4. HP: 71/71 MP: 4/4
    11 | D        | Reached XP level 5. HP: 79/79 MP: 5/5
    11 | D        | Reached XP level 6. HP: 86/86 MP: 6/6
    11 | D        | Reached XP level 7. HP: 94/94 MP: 7/7
    11 | D        | Reached XP level 8. HP: 102/102 MP: 8/8
    11 | D        | Reached XP level 9. HP: 108/108 MP: 9/9
    11 | D        | Reached XP level 10. HP: 117/117 MP: 10/10
    11 | D        | Reached XP level 11. HP: 124/124 MP: 11/11
    11 | D        | Reached XP level 12. HP: 133/133 MP: 12/12
    12 | D        | Killed a meat berserker
    12 | D        | Reached ** piety under Trog
    12 | D        | Reached skill level 27 in Axes
    12 | D        | Reached skill level 10 in Dodging
    12 | D        | Reached XP level 13. HP: 100/154 MP: 13/13
    12 | D        | Reached XP level 14. HP: 105/162 MP: 14/14
    12 | D        | Killed a bag of meat
    12 | D        | Reached skill level 27 in Fighting
    12 | D        | Reached skill level 15 in Armour
    12 | D        | Killed a bag of meat
    12 | D        | Reached XP level 15. HP: 113/174 MP: 15/15
    13 | D        | Reached *** piety under Trog
    13 | D        | Reached XP level 16. HP: 119/183 MP: 16/16
    15 | D        | Killed a meat berserker
    18 | D        | Noticed a large bag of meat
    19 | D        | Noticed a meat berserker
    20 | D        | Noticed a large bag of meat
    20 | D        | Reached skill level 27 in Armour
    20 | D        | Reached XP level 17. HP: 90/191 MP: 17/17
    20 | D        | Reached **** piety under Trog
    22 | D        | Noticed a meat berserker
    22 | D        | Killed a meat berserker
    22 | D        | Reached skill level 27 in Dodging
    22 | D        | Reached XP level 18. HP: 95/200 MP: 18/18
    23 | D        | Killed a large bag of meat
    23 | D        | Reached ***** piety under Trog
    24 | D        | Noticed a meat berserker
    26 | D        | Noticed a destroyer
    26 | D        | Killed a large bag of meat
    26 | D        | Reached skill level 15 in Unarmed Combat
    26 | D        | Reached XP level 19. HP: 19/207 MP: 18/34
    26 | D        | HP: 2/207 [something (17)]
    27 | D        | Engulfed by a cloud of flame

Vault maps used:
D:        meatsprint

Skill      XL: |  1  2  3  4  5  6  7  8  9 10 11 12 13 14 15 16 17 18 19 |
---------------+----------------------------------------------------------+-----
Fighting       | 20 25 27 | 27.0
Axes           | 22 27 | 27.0
Armour         | 11 13 18 22 27 | 27.0
Dodging        | 8 10 14 18 22 27 | 27.0
Throwing       | 13 14 | 14.6
Stealth        | 13 14 | 14.6
Unarmed Combat | 15 16 | 16.9
Spellcasting   | 11 12 | 12.5

Action                   |  1- 3 |  4- 6 |  7- 9 | 10-12 | 13-15 | 16-18 | 19-21 || total
-------------------------+-------+-------+-------+-------+-------+-------+-------++-------
Melee: Executioner's axe |     1 |       |       |     1 |     1 |     5 |       ||     8
Invok: Trog's Hand       |       |       |       |       |       |       |     1 ||     1
Dodge: Dodged            |       |       |       |       |       |     2 |       ||     2

Table legend:
 A = Spawn XP
 B = Non-spawn XP
 C = Spawn XP percentage of total XP
 D = Spawn monster count
 E = Non-spawn monster count
 F = Spawn count percentage of total count
 G = Total turns spent on level
                    A         B        C        D         E        F      G
               +---------+---------+-------+---------+---------+-------+---------
         Total |       0 |  339198 |   0.0 |       0 |      13 |   0.0 |    27
               +---------+---------+-------+---------+---------+-------+---------
             D |       0 |  339198 |   0.0 |       0 |      13 |   0.0 |    27
               +---------+---------+-------+---------+---------+-------+---------
